 Dungeon Crawl Stone Soup version 0.32-a0-666-ge8a88695a4 (webtiles) character file.

Game seed: 18027420655932048073

1647 dialectric the Ducker (level 8, -4/81 HPs)
             Began as a Troll Fighter on Mar 9, 2024.
             Succumbed to an orc wizard's poison
             ... on level 6 of the Dungeon.
             The game lasted 00:08:59 (5257 turns).

dialectric the Ducker (Troll Fighter)               Turns: 5257, Time: 00:09:00

Health: -4/81      AC:  6    Str: 25    XL:     8   Next: 67%
Magic:  7/7        EV: 10    Int:  4    God:
Gold:   312        SH:  9    Dex: 11    Spells: 7/7 levels left

rFire   . . .        d - +0 morningstar
rCold   . . .        c - +0 kite shield
rNeg    . . .        i - +1 animal skin
rPois   .            (helmet restricted)
rElec   .            G - +0 cloak
rCorr   .            (gloves unavailable)
SInv    .            (boots unavailable)
Will    .....        (no amulet)
Stlth   +            (no ring)
HPRegen 1.13/turn    (no ring)
MPRegen 0.10/turn

%: no passive effects
@: mighty, lethally poisoned (-4 -> -17)
A: large, unfitting armour, claws 3, regeneration 1, shaggy fur 1, tough skin 1
a: no special abilities


You were on level 6 of the Dungeon.
You visited 1 branch of the dungeon, and saw 6 of its levels.
You also visited: Sewer.

You collected 312 gold pieces.

Inventory:

Hand Weapons
 a - a +0 flail
 d - a +0 morningstar (weapon)
Missiles
 v - 21 poisoned darts (quivered)
Armour
 c - a +0 kite shield (worn)
 i - a +1 animal skin (worn)
 n - a +0 robe of positive energy
 F - a +1 leather armour of cold resistance
 G - a +0 cloak (worn)
Talismans
 l - a storm talisman
Wands
 b - a wand of mindburst (5)
Scrolls
 f - 3 scrolls of teleportation {unknown}
 h - a scroll of poison {unknown}
 k - a scroll of amnesia {unknown}
 m - a scroll of enchant weapon {unknown}
 p - 2 scrolls of fog {unknown}
 r - 2 scrolls of noise {unknown}
 y - a scroll of torment {unknown}
 z - a scroll of revelation {unknown}
 B - a scroll of immolation {unknown}
 C - a scroll of acquirement {unknown}
 D - 2 scrolls of identify {unknown}
 H - a scroll of enchant armour {unknown}
Potions
 e - a potion of invisibility {unknown}
 g - 2 potions of magic {unknown}
 j - 3 potions of heal wounds {unknown}
 o - a potion of brilliance {unknown}
 q - 2 potions of berserk rage {unknown}
 s - 2 potions of lignification {unknown}
 t - 2 potions of attraction {unknown}
 u - 3 potions of mutation {unknown}
 w - a potion of might
 x - 2 potions of cancellation {unknown}
 A - a potion of curing
 E - a potion of haste {unknown}


   Skills:
 * Level 5.5 Fighting
 + Level 5.1 Maces & Flails
 * Level 5.5 Dodging
 + Level 5.1 Shields


You had 7 spell levels left.
You didn't know any spells.
Your spell library was empty.

Dungeon Overview and Level Annotations

Branches:
Dungeon (6/15)             Temple (0/1) D:4           Sewer (visited)

Altars:
Elyvilon
Fedhas
Hepliaklqana

Annotations:
D:2 Sigmund
D:4 3 runed translucent doors, exclusion: oklob plant, ytrimaz's ghost, amateur DgSh


Innate Abilities, Weirdness & Mutations

You are too large for most types of armour.
You have claws for hands.
Your natural rate of healing is unusually fast.
You are covered in fur. (AC +1)
You have tough skin. (AC +1)


Message History

You feel very sick. Something hits you.
* * * LOW HITPOINT WARNING * * *
You are more poisoned.
The orc barely misses you. Something hits you.
* * * LOW HITPOINT WARNING * * *
You feel better. The orc hits you but does no damage.
You hear some strange, mumbled words.
A puff of flame appears from out of thin air!
The puff of flame hits you.
You feel very mighty all of a sudden. The orc closely misses you.
You hear some strange, mumbled words.
Something tries to affect you, but you resist.
You closely miss something. You block the orc's attack. Something hits you.
You are poisoned.
Unknown command.
You miss something.
You feel very sick. The orc closely misses you.
Something hits you but does no damage.
You are more poisoned.
The orc closely misses you. Something hits you but does no damage.
You are more poisoned.
You miss something.
You feel extremely sick. You block the orc's attack. Something hits you.
* * * LOW HITPOINT WARNING * * *
You are lethally poisoned!
Unknown command.
You miss something.
* * * LOW HITPOINT WARNING * * *
You feel extremely sick.
The orc hits you from afar with a +0 trident.
* * * LOW HITPOINT WARNING * * *
You hear some strange, mumbled words.
A magic dart appears from out of thin air!
The magic dart hits you.
* * * LOW HITPOINT WARNING * * *
You barely miss something.
You die...

#.<..###...##.#..
#....# #....###..
#....# #....# #.#
#....# #....# #.#
#....# #....# #.#
#....# #....# #..
# ###.#####.#.#
###
#.####.......#.#
#..@{o....%....#
########.........
#.#.....#.
#.#..#..#
#.#.....#
#.##.#.... #.#
......


You could see an orc.

Vanquished Creatures
  A sky beast (D:6)
  2 phantoms
  5 kobold brigands
  A bullfrog (D:6)
  2 scorpions
  3 hounds
  2 bombardier beetles
  A gnoll bouda (D:4)
  An orc priest (D:4)
  2 sleepcaps
  Jessica (D:2)
  3 iguanas
  An orc wizard (D:4)
  Robin (D:2)
  5 gnolls (D:4)
  11 adders
  14 river rats
  3 white imps (D:6)
  2 ufetubi (D:6)
  4 dart slugs
  2 ribbon worms
  17 orcs
  A bat (D:2)
  6 endoplasms
  2 giant cockroaches
  9 goblins
  12 hobgoblins
  3 jackals (D:2)
  5 quokkas
  16 ball pythons
  7 frilled lizards
  24 kobolds
  28 rats
197 creatures vanquished.

Notes
Turn   | Place    | Note
-------+----------+-------------------------------------------
     0 | D:1      | dialectric the Troll Fighter began the quest for the Orb.
     0 | D:1      | Reached XP level 1. HP: 22/22 MP: 0/0
   255 | D:1      | Reached XP level 2. HP: 29/29 MP: 1/1
   716 | D:2      | Noticed Jessica
   726 | D:2      | Killed Jessica
   727 | D:2      | Reached XP level 3. HP: 19/36 MP: 2/2
   732 | D:2      | Noticed Sigmund
   772 | D:2      | Noticed Robin
   842 | D:2      | Killed Robin
   843 | D:2      | Reached XP level 4. HP: 41/44 MP: 3/3
  1596 | D:3      | Found a faded altar of an unknown god.
  1939 | D:3      | Reached XP level 5. HP: 53/53 MP: 4/4
  2109 | D:4      | Found a staircase to the Ecumenical Temple.
  2147 | D:4      | Found a runed translucent gate.
  2279 | D:4      | Found a hazy altar of Hepliaklqana.
  2391 | D:4      | Found a runed translucent gate.
  2391 | D:4      | Found a runed translucent gate.
  2391 | D:4      | Noticed ytrimaz's ghost (amateur DgSh)
  2622 | D:4      | Reached XP level 6. HP: 61/61 MP: 5/5
  2651 | D:4      | Found a glowing drain.
  2659 | Sewer    | Entered a sewer
  3058 | Sewer    | Reached XP level 7. HP: 50/68 MP: 6/6
  3650 | D:4      | Found a blossoming altar of Fedhas.
  3665 | D:4      | Noticed an oklob plant
  3707 | D:5      | Entered Level 5 of the Dungeon
  4083 | D:5      | Found a white marble altar of Elyvilon.
  4104 | D:5      | Reached XP level 8. HP: 75/79 MP: 7/7
  4577 | D:6      | Reached skill level 5 in Fighting
  4577 | D:6      | Reached skill level 5 in Dodging
  4802 | D:6      | Reached skill level 5 in Maces & Flails
  4802 | D:6      | Reached skill level 5 in Shields
  5256 | D:6      | HP: 1/81 [something/magic dart (4)]
  5257 | D:6      | Succumbed to an orc wizard's poison

Illustrated notes

Levels and vault maps discovered:
D:1:      pf_arrival_petrified_forest, layout_basic, roderic_lattice_a
D:2:      wad_lake_hut, layout_rooms, uniq_jessica, uniq_sigmund, uniq_robin
D:3:      layout_basic, basic_ecumenical_altar
D:4:      layout_rooms, mainiacjoe_overflow_small_starburst, tgw_fedhas,
          minmay_temple_entry_crystal_x, portal_sewer_entry_e,
          gammafunk_ghost_necromancy, hangedman_decor_diamond_cutter,
          hangedman_abyss_or_decor_stagger, chequers_serial_rivers_micro_a
D:5:      layout_basic, kennysheep_mini, moated_statue
D:6:      layout_basic, kennysheep_generic_room_13

Skill      XL: |  1  2  3  4  5  6  7  8 |
---------------+-------------------------+-----
Maces & Flails | 2 3 4 5 |  5.1
Shields        | 3 4 5 |  5.1
Dodging        | 3 4 5 |  5.5
Fighting       | 3 4 5 |  5.5

Action                     |  1- 3 |  4- 6 |  7- 9 || total
---------------------------+-------+-------+-------++-------
  Melee: Flail             |    90 |   137 |       ||   227
         Morningstar       |       |   258 |   253 ||   511
    Use: Potion            |       |     3 |     2 ||     5
 Armour: Robe              |    78 |       |       ||    78
         Animal skin       |       |   324 |   239 ||   563
  Dodge: Dodged            |    44 |   219 |   135 ||   398
  Block: Kite shield       |    52 |   212 |   161 ||   425

Table legend: (Time is in decaauts)
 A = Elapsed time spent in this place.
 B = Non-inter-level travel time spent in this place.
 C = Inter-level travel time spent in this place.
 D = Time resting spent in this place.
 E = Time spent auto-exploring this place.
 F = Levels seen in this place.
 G = Mean time per level.
                   A        B        C        D        E       F      G
               +--------+--------+--------+--------+--------+-----+--------+
         Total |   5574 |   5420 |    154 |    113 |   3096 |   7 |  796.3 |
       Dungeon |   4570 |   4416 |    154 |    113 |   2694 |   6 |  761.7 |
         Sewer |   1004 |   1004 |      0 |      0 |    402 |   1 | 1004.0 |
               +--------+--------+--------+--------+--------+-----+--------+

Top non-repeatable levels by time:
     D:4: 1014 daAuts
   Sewer: 1004 daAuts
     D:1: 885 daAuts
     D:6: 730 daAuts
     D:2: 700 daAuts
     D:5: 634 daAuts
     D:3: 604 daAuts
